 Dungeon Crawl Stone Soup version 0.24.0-41-g2ae2f7f1be (webtiles) character file.

Game seed: 2265700304786934043, levelgen mode: deterministic

244 Goreval the Ruffian (level 6, -2/52 HPs)
             Began as a Naga Transmuter on Dec 13, 2019.
             Was an Initiate of Makhleb.
             Slain by a bullfrog (8 damage)
             ... on level 2 of the Dungeon.
             The game lasted 00:08:18 (2918 turns).

Goreval the Ruffian (Naga Transmuter)               Turns: 2918, Time: 00:08:18

Health: -2/52      AC:  3    Str: 13    XL:     6   Next: 10%
Magic:  10/10      EV: 10    Int: 15    God:    Makhleb [......]
Gold:   64         SH:  0    Dex: 11    Spells: 4/10 levels left

rFire    . . .     SeeInvis +     - Unarmed
rCold    . . .     Gourm    .   (no shield)
rNeg     . . .     Faith    .   b - +0 robe
rPois    +         Spirit   .   (no helmet)
rElec    .         Reflect  .   (no cloak)
rCorr    .         Harm     .   (no gloves)
MR       .....                  (no barding)
Stlth    +.........             (no amulet)
HPRegen  0.17/turn              (no ring)
MPRegen  0.12/turn              (no ring)

@: confused, appendage (expiring), very slow
A: large, horns 2, see invisible, deformed body, poison resistance, slowness 2,
slow metabolism 1, spit poison 1, AC +2
a: Spit Poison, End Transformation, Renounce Religion


You were on level 2 of the Dungeon.
You worshipped Makhleb.
Makhleb was noncommittal.
You were not hungry.
You had grown temporary horns.
You visited 1 branch of the dungeon, and saw 2 of its levels.

You collected 64 gold pieces.

Inventory:

Missiles
 a - 39 arrows
Armour
 b - a +0 robe (worn)
Jewellery
 i - an uncursed ring of stealth {unknown}
 j - an uncursed ring of positive energy {unknown}
Scrolls
 e - 2 scrolls of remove curse {unknown}
 f - a scroll of fog {unknown}
 g - 2 scrolls of identify {unknown}
 l - a scroll of amnesia {unknown}
 n - a scroll of teleportation {unknown}
Potions
 c - 2 potions of might {unknown}
 h - a potion of mutation {unknown}
 m - a potion of ambrosia
 o - a potion of berserk rage {unknown}
Comestibles
 d - 5 rations
 k - 3 chunks of flesh


   Skills:
 + Level 2.2 Fighting
 - Level 1.5 Dodging
 + Level 0.1 Stealth
 * Level 4.2 Unarmed Combat
 + Level 2.6 Spellcasting
 * Level 3.6 Transmutations
 + Level 3.1 Poison Magic
 + Level 0.0 Invocations


You had 4 spell levels left.
You knew the following spells:

 Your Spells              Type           Power        Failure   Level  Hunger
a - Beastly Appendage     Tmut           ##....       4%          1    #......
b - Spider Form           Tmut/Pois      ##........   16%         3    ###....
z - Sticks to Snakes      Tmut           ##......     7%          2    ##.....

Your spell library contained the following spells:

 Spells                   Type           Power        Failure   Level  Hunger
 Ice Form                 Ice/Tmut       #.......     69%         4    #####..
 Blade Hands              Tmut           ##........   78%         5    ######.


Dungeon Overview and Level Annotations

Branches:
Dungeon (2/15)

Altars:
Ashenzari
Makhleb
Okawaru
Qazlal


Innate Abilities, Weirdness & Mutations

You cannot wear boots.
Your serpentine skin is tough. (AC +2)
You have supernaturally acute eyesight. (SInv)
Armour fits poorly on your strangely shaped body.
Your system is resistant to poisons. (rPois)
You cover ground very slowly.
You have a slow metabolism.
You can spit poison.
You have a pair of horns on your head.


Message History

Unknown command.
Aim: a bullfrog (severely wounded)
The splash of poison hits the bullfrog.
The bullfrog is poisoned.
You feel slightly more hungry. The bullfrog hits you.
* * * LOW HITPOINT WARNING * * *
The bullfrog closely misses you. The bullfrog closely misses you.
The bullfrog hits you.
* * * LOW HITPOINT WARNING * * *
Unknown command.
Your transformation is almost over.
The bullfrog hits you!
* * * LOW HITPOINT WARNING * * *
Okay, then.
Okay, then.
It was a potion of ambrosia.
You are confused.
You feel invigorated.
You have got your breath back.
The bullfrog hits you!
You die...

#### .....
......##############
#.$...F@......)..#
#####.######.###.#
#.# #.# #.# #.# #.#
#.# #.# ##.# #.# #>#
#..# #.# #.# #.##
#.# #.# #.# #.# ###
#.# #.#


You could see a bullfrog.

Vanquished Creatures
  Sigmund (D:2)
  Terence (D:2)
  2 worms (D:2)
  2 dart slugs (D:1)
  2 leopard geckos
  3 ball pythons
  2 giant cockroaches (D:1)
  9 goblins
  5 hobgoblins
  4 jackals (D:1)
  7 kobolds
  5 bats
  4 frilled lizards
  4 rats
51 creatures vanquished.

Notes
Turn   | Place    | Note
-------+----------+-------------------------------------------
     0 | D:1      | Goreval the Naga Transmuter began the quest for the Orb.
     0 | D:1      | Reached XP level 1. HP: 18/18 MP: 3/3
   599 | D:1      | Reached XP level 2. HP: 25/25 MP: 3/5
   631 | D:1      | Learned a level 2 spell: Sticks to Snakes
  1206 | D:1      | Reached XP level 3. HP: 26/31 MP: 4/6
  1213 | D:1      | Learned a level 3 spell: Spider Form
  1682 | D:1      | Reached skill level 1 in Poison Magic
  2193 | D:2      | Found an iron altar of Okawaru.
  2196 | D:2      | Found a shattered altar of Ashenzari.
  2199 | D:2      | Found a burning altar of Makhleb.
  2202 | D:2      | Found a stormy altar of Qazlal.
  2208 | D:2      | Became a worshipper of Makhleb the Destroyer
  2221 | D:2      | Noticed Terence
  2231 | D:2      | Killed Terence
  2231 | D:2      | Reached XP level 4. HP: 34/38 MP: 7/7
  2734 | D:2      | Noticed Sigmund
  2748 | D:2      | Killed Sigmund
  2748 | D:2      | Reached skill level 4 in Unarmed Combat
  2748 | D:2      | Reached XP level 5. HP: 34/45 MP: 5/9
  2748 | D:2      | Reached XP level 6. HP: 39/52 MP: 5/10
  2917 | D:2      | HP: 1/52 [bullfrog (7)]
  2918 | D:2      | Slain by a bullfrog

Levels and vault maps discovered:
D:1:      lemuel_arrival_behind_the_door_small, layout_loops_ring
D:2:      layout_loops_ring, grunt_temple_overflow_cloverleaf, first_ration,
          uniq_terence, uniq_crazy_yiuf_cottage, uniq_sigmund

Skill      XL: |  1  2  3  4 |
---------------+-------------+-----
Poison Magic   | 1 3 |  3.1
Transmutations | 3 |  3.6
Fighting       | 2 |  2.2
Unarmed Combat | 4 |  4.2
Dodging        | |  1.5
Stealth        | |  0.1
Spellcasting   | |  2.6

Action                   |  1- 3 |  4- 6 || total
-------------------------+-------+-------++-------
Melee: Unarmed           |   147 |    53 ||   200
       Headbutt          |    13 |     1 ||    14
       Punch             |     5 |       ||     5
 Cast: Beastly Appendage |    26 |     2 ||    28
       Spider Form       |       |     4 ||     4
       Sticks to Snakes  |       |     1 ||     1
 Abil: Spit Poison       |     2 |     3 ||     5
  Use: Potion            |       |     1 ||     1
 Stab: Sleeping          |     2 |       ||     2
       Distracted        |       |     1 ||     1
  Eat: Chunk             |     3 |     3 ||     6
Armor: Robe              |    36 |     1 ||    37
Dodge: Dodged            |    75 |    28 ||   103
